 Dungeon Crawl Stone Soup version 0.26.0-10-g1f06aea511 (webtiles) character file.

Game seed: 1742094712830822900

9165 Dracia the Martial Artist (level 11, -3/83 HPs)
             Began as a Demonspawn Monk on Jan 16, 2021.
             Was an Elder of Wu Jian.
             Slain by a catoblepas (9 damage)
             ... while petrified by a catoblepas
             ... on level 9 of the Dungeon.
             The game lasted 00:26:59 (12196 turns).

Dracia the Martial Artist (Demonspawn Monk)        Turns: 12196, Time: 00:27:00

Health: -3/83      AC:  5    Str: 14    XL:     11   Next: 19%
Magic:  11/11      EV:  2    Int: 21    God:    Wu Jian [****..]
Gold:   504        SH:  0    Dex: 16    Spells: 4/10 levels left

rFire    . . .     SeeInvis .     - Unarmed
rCold    . . .     Faith    .   (no shield)
rNeg     + + +     Spirit   .   k - +0 leather armour
rPois    ∞         Reflect  .   p - +0 helmet {Int+3}
rElec    .         Harm     .   G - +0 cloak
rCorr    .         Rampage  .   (no gloves)
Will     .....                  (no boots)
Stlth    ++........             C - amulet of inaccuracy (curse)
HPRegen  0.23/turn              E - +4 ring of evasion
MPRegen  0.12/turn              I - +6 ring of intelligence

@: mighty, petrified, studying Dodging
A: claws 1, powered by pain 3, spiny 1
a: Renounce Religion, Wall Jump, Serpent's Lash


You were on level 9 of the Dungeon.
You worshipped Wu Jian.
Wu Jian was greatly pleased with you.
You visited 2 branches of the dungeon, and saw 10 of its levels.

You collected 608 gold pieces.
You spent 104 gold pieces at shops.


Innate Abilities, Weirdness & Mutations

You have sharp fingernails.
You are powered by pain.
You are partially covered in sharp spines.


   Skills:
 - Level 6.6 Fighting
 - Level 4.5 Polearms
 - Level 3.0 Armour
 + Level 8.5 Dodging
 - Level 1.7 Stealth
 * Level 11.0 Unarmed Combat
 + Level 6.9 Ice Magic


You had 4 spell levels left.
You knew the following spells:

 Your Spells              Type           Power        Failure   Level
o - Ozocubu's Armour      Ice            29%          3%          3
r - Frozen Ramparts       Ice            58%          3%          3

Your spell library contained the following spells:

 Spells                   Type           Power        Failure   Level
 Freeze                   Ice            100%         1%          1
 Poisonous Vapours        Pois/Air       0%           32%         2
 Hailstorm                Conj/Ice       14%          47%         4
 Summon Ice Beast         Ice/Summ       14%          47%         4
 Confusing Touch          Hex            0%           54%         3
 Conjure Flame            Conj/Fire      0%           54%         3
 Gell's Gravitas          Tloc           0%           54%         3
 Mephitic Cloud           Conj/Pois/Air  0%           54%         3
 Petrify                  Tmut/Erth      0%           91%         4
 Metabolic Englaciation   Hex/Ice        7%           83%         5
 Yara's Violent Unravell  Hex/Tmut       0%           99%         5
 Freezing Cloud           Conj/Ice/Air   4%           100%        6

Inventory:

Missiles
 d - 7 boomerangs
 h - 21 poisoned darts (quivered)
 s - 5 atropa-tipped darts
 t - 4 throwing nets {=f=f}
Armour
 b - a +0 robe
 c - a +0 pair of gloves
 k - a +0 leather armour (worn)
 o - a scarf of harm
 p - a +0 helmet of intelligence (worn)
 G - a +0 cloak (worn)
Jewellery
 C - a cursed amulet of inaccuracy (around neck)
 D - a +6 ring of dexterity
 E - a +4 ring of evasion (left claw)
 F - a +4 ring of protection
 I - a +6 ring of intelligence (right claw)
 O - a +4 ring of protection
Wands
 q - a wand of random effects (14)
 v - a wand of enslavement (4)
 x - a wand of polymorph (7)
 y - a wand of acid (12)
 A - a wand of flame (42)
Scrolls
 e - 2 scrolls of fog
 f - 8 scrolls of identify {@r1@r1}
 r - 5 scrolls of remove curse {@r2@r2}
 w - a scroll of magic mapping {unknown}
 z - a scroll of fear
Potions
 a - 2 potions of berserk rage {!q!q}
 g - a potion of ambrosia
 i - 4 potions of curing {@q1@q1}
 j - 2 potions of haste {@q3@q3}
 m - a potion of flight
 n - a potion of resistance
 u - 2 potions of lignification
 B - 2 potions of might
 H - 2 potions of heal wounds {@q2@q2}
Books
 l - a manual of Dodging {!d!d}

Dungeon Overview and Level Annotations

Branches:
Dungeon (9/15)             Temple (1/1) D:5
   Lair: D:8-11         Orc: D:9-12

Altars:
Ashenzari
Cheibriados
Dithmenos
Elyvilon
Fedhas
Gozag
Hepliaklqana
Kikubaaqudgha
Makhleb
Nemelex Xobeh
Okawaru
Qazlal
Ru
Sif Muna
Trog
Uskayaw
Vehumet
Wu Jian
Xom
Yredelemnul
Zin
The Shining One

Shops:
D:5 !

Annotations:
D:8 2 runed translucent doors, Nattefrost's ghost, novice MfGl

..##...)# ###...# #..... ......#
# ###.....# #...## ....# #..
###....##.# #...#
#.###....###....####)# #...#
#.#....###....###..#.# #...#
QQ...###.)..###....#.# #...#
...###....###....#.#.# #...#
.###....###....###.#.#######...#
.#....###....###@..#...........#
...........###}..Y.#...........#
####################.......†...##
........[........................
...............#########.........
........######.# #.........
#'####..# #.# #.........
.....#..# #.# #.........
.....#..# #.# #.........


You could see a catoblepas.


Message History

You scratch the catoblepas but do no damage.
The catoblepas is moderately wounded.
The catoblepas breathes a plume of calcifying dust at you.
The blast of calcifying dust hits you!
* * * LOW HITPOINT WARNING * * *
You claw the catoblepas!
The catoblepas is heavily wounded.
You are engulfed in calcifying dust.
You are slowing down.
The catoblepas misses you.
You spin and attack the catoblepas.
You claw the catoblepas!
The catoblepas is severely wounded.
The catoblepas barely misses you.
The catoblepas is struck by your spines.
The catoblepas closely misses you.
Your limbs are stiffening.
Unknown command.
You feel better. The catoblepas completely misses you.
You have turned to stone.
The catoblepas gores you!!
* * * LOW HITPOINT WARNING * * *
The catoblepas is struck by your spines.
The catoblepas gores you!!
* * * LOW HITPOINT WARNING * * *
The catoblepas is struck by your spines.
The catoblepas gores you!!
* * * LOW HITPOINT WARNING * * *
The catoblepas gores you!!
* * * LOW HITPOINT WARNING * * *
The catoblepas gores you!!
You die...

Skill      XL: |  1  2  3  4  5  6  7  8  9 10 11 |
---------------+----------------------------------+-----
Polearms       | 3 4 |  4.5
Unarmed Combat | 1 2 4 5 7 9 10 11 | 11.0
Armour         | 1 2 3 |  3.0
Fighting       | 4 5 6 |  6.6
Ice Magic      | 1 3 5 6 |  6.9
Dodging        | 5 8 |  8.5
Stealth        | |  1.7

Action                   |  1- 3 |  4- 6 |  7- 9 | 10-12 || total
-------------------------+-------+-------+-------+-------++-------
Melee: Spear             |   143 |       |       |       ||   143
       Unarmed           |       |   127 |   298 |   280 ||   705
       Punch             |       |     1 |    16 |     6 ||    23
Throw: Dart              |     6 |    18 |     2 |    27 ||    53
Invok: Lunge             |       |       |    21 |    16 ||    37
       Whirlwind         |       |       |    45 |    81 ||   126
       Serpent's Lash    |       |       |     1 |       ||     1
 Abil: Wall Jump         |       |       |     6 |     8 ||    14
Evoke: Wand              |       |       |     6 |       ||     6
  Use: Scroll            |     5 |     3 |     6 |     4 ||    18
       Potion            |       |       |     3 |     1 ||     4
 Stab: Sleeping          |     4 |     5 |     3 |     2 ||    14
       Distracted        |       |       |       |     1 ||     1
Armor: Robe              |     9 |       |       |       ||     9
       Leather armour    |    11 |    17 |    37 |    45 ||   110
Dodge: Dodged            |    62 |    88 |   171 |   170 ||   491

Levels and vault maps discovered:
D:1:      roderic_crossed_star, layout_basic
D:2:      layout_loops_ring, serial_glass, glass_columns_c, glass_columns_b,
          glass_columns_a, wad_floor_pattern_untrapped
D:3:      layout_rooms, serial_co_window_serial, co_window_corner_a,
          co_window_paths_b, co_window_cross_1, co_window_paths_b,
          co_window_of_opportunity_a, co_window_paths_c,
          co_window_of_opportunity_b, co_window_broadway_c, co_window_sun,
          minmay_misc_feat_roman
D:4:      layout_cave_pods, uniq_grinder, uniq_crazy_yiuf_cottage
D:5:      layout_basic, minmay_temple_entry_junction_2, serial_shops, shop,
          grunt_dithmenos_smoke_and_mirrors, uniq_ijyb
D:6:      layout_cave_pods, nicolae_overflow_crystal_walls, lemuel_doored_altar
D:7:      layout_basic, ebering_dispersal_statue_hall, minmay_manual_mail,
          uniq_prince_ribbit1
D:8:      minmay_flawed_box, layout_basic, ebering_ghost_disaster_area,
          mrwooster_statue_mirror, uniq_harold
D:9:      minmay_tri_box, layout_irregular_city
Temple:   regret_index_temple_chain_breaker

Notes
Turn   | Place    | Note
-------+----------+-------------------------------------------
     0 | D:1      | Dracia the Demonspawn Monk began the quest for the Orb.
     0 | D:1      | Reached XP level 1. HP: 18/18 MP: 1/1
    31 | D:1      | Reached skill level 3 in Polearms
   389 | D:1      | Gained mutation: You are partially covered in sharp spines.
                  | [demonic ancestry]
   389 | D:1      | Reached XP level 2. HP: 24/24 MP: 2/2
   885 | D:2      | Gained mutation: You sometimes gain a little power by
                  | taking damage. [demonic ancestry]
   885 | D:2      | Reached XP level 3. HP: 29/29 MP: 3/3
  1133 | D:2      | Reached skill level 4 in Polearms
  1848 | D:3      | Gained mutation: You have sharp fingernails. [demonic
                  | ancestry]
  1848 | D:3      | Reached XP level 4. HP: 35/35 MP: 4/4
  2264 | D:3      | Reached skill level 1 in Unarmed Combat
  3134 | D:4      | Reached XP level 5. HP: 19/41 MP: 5/5
  3320 | D:4      | Noticed an ogre
  3329 | D:4      | Reached skill level 2 in Unarmed Combat
  3337 | D:4      | Killed an ogre
  3338 | D:4      | Reached skill level 1 in Armour
  3373 | D:4      | Gained mutation: You sometimes gain power by taking damage.
                  | [demonic ancestry]
  3373 | D:4      | Reached XP level 6. HP: 47/47 MP: 6/6
  3396 | D:4      | Reached skill level 3 in Unarmed Combat
  3975 | D:4      | Noticed Grinder
  4013 | D:4      | Reached skill level 2 in Armour
  4168 | D:4      | Reached skill level 4 in Fighting
  4591 | D:5      | Entered Level 5 of the Dungeon
  4615 | D:5      | Learned a level 3 spell: Frozen Ramparts
  4631 | D:5      | Noticed Ijyb
  4665 | D:5      | Killed Ijyb
  4666 | D:5      | Reached skill level 4 in Unarmed Combat
  4666 | D:5      | Reached XP level 7. HP: 22/54 MP: 7/7
  4878 | D:5      | Found Ogodiy's Distillery.
  4881 | D:5      | Found a staircase to the Ecumenical Temple.
  4884 | D:5      | Bought a potion of heal wounds for 65 gold pieces
  4884 | D:5      | Bought a potion of curing for 39 gold pieces
  4896 | Temple   | Entered the Ecumenical Temple
  5063 | Temple   | Became a worshipper of the Wu Jian Council
  5063 | Temple   | Reached * piety under Wu Jian
  5063 | Temple   | Reached ** piety under Wu Jian
  5136 | D:5      | Found a shadowy altar of Dithmenos.
  6240 | D:6      | Reached skill level 3 in Armour
  6476 | D:6      | Reached skill level 5 in Unarmed Combat
  6522 | D:6      | Found a stormy altar of Qazlal.
  6788 | D:6      | Found a burning altar of Makhleb.
  6936 | D:6      | Reached skill level 1 in Ice Magic
  6973 | D:6      | Reached skill level 5 in Fighting
  6977 | D:6      | Reached XP level 8. HP: 48/62 MP: 8/8
  7585 | D:7      | Reached skill level 2 in Ice Magic
  7598 | D:7      | Reached skill level 6 in Unarmed Combat
  7673 | D:7      | Noticed Prince Ribbit
  7681 | D:7      | Noticed a gargoyle
  7688 | D:7      | Killed Prince Ribbit
  7689 | D:7      | Reached skill level 6 in Fighting
  7689 | D:7      | Reached skill level 3 in Ice Magic
  7704 | D:7      | Killed a gargoyle
  7704 | D:7      | Reached *** piety under Wu Jian
  7705 | D:7      | Reached skill level 7 in Unarmed Combat
  7705 | D:7      | Reached XP level 9. HP: 28/70 MP: 9/9
  7717 | D:7      | Noticed a six-headed hydra
  7926 | D:6      | Learned a level 3 spell: Ozocubu's Armour
  8134 | D:7      | Reached skill level 4 in Ice Magic
  8435 | D:7      | Killed a six-headed hydra
  8436 | D:7      | Reached skill level 4 in Dodging
  8436 | D:7      | Reached skill level 8 in Unarmed Combat
  8794 | D:8      | Noticed Harold
  8820 | D:8      | Killed Harold
  8821 | D:8      | Reached skill level 5 in Dodging
  8821 | D:8      | Reached skill level 9 in Unarmed Combat
  8821 | D:8      | Reached skill level 5 in Ice Magic
  8821 | D:8      | Reached XP level 10. HP: 30/77 MP: 10/10
  9424 | D:8      | Reached skill level 6 in Dodging
  9683 | D:8      | Reached **** piety under Wu Jian
  9686 | D:8      | Found a large runed translucent door.
  9687 | D:8      | Found a large runed translucent door.
  9696 | D:8      | Noticed a boulder beetle
  9713 | D:8      | Killed a boulder beetle
  9714 | D:8      | Reached skill level 10 in Unarmed Combat
  9931 | D:8      | Noticed Nattefrost's ghost (novice MfGl)
  9945 | D:8      | Noticed a two-headed ogre
  9972 | D:8      | Killed a two-headed ogre
  9973 | D:8      | Reached skill level 7 in Dodging
  9973 | D:8      | Reached skill level 6 in Ice Magic
 10496 | D:8      | Identified a potion of resistance
 10690 | D:4      | Found a runed translucent door.
 10691 | D:4      | Noticed Crazy Yiuf
 10749 | D:4      | Killed Crazy Yiuf
 10801 | D:4      | Killed Grinder
 11353 | D:9      | Reached skill level 8 in Dodging
 11353 | D:9      | Gained mutation: You are powered by pain. [demonic
                  | ancestry]
 11353 | D:9      | Reached XP level 11. HP: 47/83 MP: 11/11
 11645 | D:9      | Noticed a tengu warrior
 11646 | D:9      | Noticed a tengu warrior
 11858 | D:9      | Killed a tengu warrior
 11859 | D:9      | Reached skill level 11 in Unarmed Combat
 12183 | D:9      | Noticed a catoblepas
 12195 | D:9      | HP: 6/83 [catoblepas (10)]
 12196 | D:9      | Slain by a catoblepas

Vanquished Creatures
  Harold (D:8)
  A boulder beetle (D:8)
  A hydra (D:7)
  A two-headed ogre (D:8)
  A tengu warrior (D:9)
  A gargoyle (D:7)
  Grinder (D:4)
  Prince Ribbit (D:7)
  2 wyverns (D:9)
  5 yaks (D:9)
  3 sky beasts
  A necrophage (D:7)
  5 ogres
  7 ice beasts
  2 phantoms
  A big kobold (D:8)
  10 bullfrogs
  2 scorpions
  9 wights
  4 howler monkeys
  2 hounds
  A jelly (D:6)
  11 orc wizards
  Crazy Yiuf (D:4)
  2 orc priests
  A bullfrog skeleton (D:9)
  3 centaur skeletons
  Ijyb (D:5)
  4 iguanas
  9 worker ants
  A hound skeleton (D:7)
  A howler monkey zombie (D:5)
  A worker ant zombie (D:6)
  7 gnolls
  9 adders
  2 shadow imps (D:5)
  An ufetubus (D:5)
  3 adder zombies
  2 adder skeletons
  3 worms
  A dart slug (D:3)
  7 leopard geckos
  15 orcs
  A ball python (D:4)
  11 bats
  4 giant cockroaches
  5 goblins
  6 hobgoblins
  14 jackals
  13 kobolds
  10 quokkas
  5 frilled lizards
  A jackal skeleton (D:4)
  A quokka skeleton (D:7)
  6 rats
224 creatures vanquished.

Table legend: (Time is in decaauts)
 A = Elapsed time spent in this place.
 B = Non-inter-level travel time spent in this place.
 C = Inter-level travel time spent in this place.
 D = Time resting spent in this place.
 E = Time spent auto-exploring this place.
 F = Levels seen in this place.
 G = Mean time per level.
                   A        B        C        D        E       F      G
               +--------+--------+--------+--------+--------+-----+--------+
         Total |  12158 |  11656 |    502 |   3607 |   6340 |  10 | 1215.8 |
       Dungeon |  11981 |  11497 |    484 |   3607 |   6182 |   9 | 1331.2 |
        Temple |    177 |    159 |     18 |      0 |    158 |   1 |  177.0 |
               +--------+--------+--------+--------+--------+-----+--------+

Top non-repeatable levels by time:
     D:4: 1970 daAuts
     D:8: 1655 daAuts
     D:6: 1605 daAuts
     D:3: 1449 daAuts
     D:5: 1345 daAuts
     D:7: 1193 daAuts
     D:9: 1190 daAuts
     D:2: 877 daAuts
     D:1: 695 daAuts
  Temple: 177 daAuts

Table legend:
 A = Non-vault XP
 B = Vault XP
 C = Vault XP percentage of total XP
 D = Non-vault monster count
 E = Vault monster count
 F = Vault count percentage of total count
                 A         B        C        D         E       F
            +---------+---------+-------+---------+---------+-------
      Total |    8641 |    4453 |  34.0 |     205 |      19 |   8.5
            +---------+---------+-------+---------+---------+-------
        D:1 |      16 |       0 |   0.0 |       9 |       0 |   0.0
        D:2 |      62 |       0 |   0.0 |      26 |       0 |   0.0
        D:3 |      77 |       0 |   0.0 |      29 |       0 |   0.0
        D:4 |     614 |     318 |  34.1 |      22 |       2 |   8.3
        D:5 |     303 |      36 |  10.6 |      14 |       1 |   6.7
        D:6 |     680 |       0 |   0.0 |      19 |       0 |   0.0
        D:7 |     872 |    1912 |  68.7 |      24 |       6 |  20.0
        D:8 |    3598 |    1210 |  25.2 |      34 |       7 |  17.1
        D:9 |    2419 |     977 |  28.8 |      28 |       3 |   9.7
            +---------+---------+-------+---------+---------+-------
